 Dungeon Crawl Stone Soup version 0.31-a0-8-gd14b0f4ee2 (console) character file.

Game seed: 6593433702313360453

30 petzl the Sneak (level 3, -3/29 HPs)
             Began as a Formicid Delver on May 6, 2023.
             Slain by a phantom (5 damage)
             ... on level 5 of the Dungeon.
             The game lasted 00:01:05 (54 turns).

petzl the Sneak (Formicid Delver)                     Turns: 54, Time: 00:01:05

Health: -3/29      AC:  3    Str: 16    XL:     3   Next: 35%
Magic:  1/7        EV: 12    Int: 11    God:
Gold:   0          SH:  0    Dex: 15    Spells: 7/7 levels left

rFire   . . .        a - +0 mace
rCold   . . .        (no shield)
rNeg    . . .        b - +0 leather armour
rPois   .            (helmet unavailable)
rElec   .            (no cloak)
rCorr   .            (no gloves)
SInv    +            (no boots)
Will    .....        (no amulet)
Stlth   +++          (no ring)
HPRegen 0.24/turn    (no ring)
MPRegen 0.10/turn

%: no passive effects
@: no status effects
A: permanent stasis, dig shafts and tunnels, antennae 3, four strong arms
a: Dig, Shaft Self


You were on level 5 of the Dungeon.
You visited 1 branch of the dungeon, and saw 2 of its levels.

Inventory:

Hand Weapons
 a - a +0 mace (weapon)
Armour
 b - a +0 leather armour (worn)
Wands
 f - a wand of digging (3)
Scrolls
 c - a scroll of fog
 d - a scroll of magic mapping
 e - a scroll of fear
 g - a scroll of amnesia {unknown}


   Skills:
 - Level 3.2 Fighting
 - Level 2.0 Maces & Flails
 - Level 1.7 Dodging
 - Level 6.0 Stealth
 + Level 2.7 Spellcasting


You had 7 spell levels left.
You didn't know any spells.
Your spell library was empty.

Dungeon Overview and Level Annotations

Branches:
Dungeon (6/15)
 Temple: D:4-7

Altars:


Innate Abilities, Weirdness & Mutations

You cannot be hasted, slowed, berserked, paralysed or teleported.
You can dig through walls and to a lower floor.
You have a pair of large antennae on your head. (SInv)
Your four strong arms can wield two-handed weapons with a shield.


Message History

* * * LOW HITPOINT WARNING * * *
You hit the hound but do no damage.
The hound is lightly wounded.
The hound closely misses you. x2
You barely miss the hound.
The hound is lightly wounded.
The hound misses you. The hound barely misses you.
You hit the hound but do no damage.
The hound is lightly wounded.
The hound closely misses you. x2
You hit the hound.
The hound is heavily wounded.
The hound closely misses you. The hound bites you.
You closely miss the hound.
The hound is heavily wounded.
The hound closely misses you. The hound bites you but does no damage.
You barely miss the hound.
The hound is heavily wounded.
The hound barely misses you. x2
You hit the hound.
The hound is severely wounded.
The hound bites you.
* * * LOW HITPOINT WARNING * * *
The hound bites you.
* * * LOW HITPOINT WARNING * * *
You hit the hound.
You kill the hound!
Your life force feels restored.
Your Spellcasting skill gained 2 levels and is now at level 2!
You have reached level 2!
You have reached level 3!
Your experience leads to an increase in your attributes!
Increase (S)trength, (I)ntelligence, or (D)exterity?
You feel clever. x2
Are you sure you want to shaft yourself?
The phantom hits you.
* * * LOW HITPOINT WARNING * * *
You begin to dig a shaft.
You continue digging a shaft.
The phantom hits you.
You die...

#.. #.
#... ..{
#... #{
#....#.
...#.
##...
#....##
#...##
#.##...#
#.....W##
#.#####@#
#. ### #


You could see a phantom.

Vanquished Creatures
  A hound (D:5)
1 creature vanquished.

Notes
Turn   | Place    | Note
-------+----------+-------------------------------------------
     0 | D:5      | petzl the Formicid Delver began the quest for the Orb.
     0 | D:5      | Reached XP level 1. HP: 18/18 MP: 1/1
     1 | D:5      | Noticed a phantom
    22 | D:6      | Noticed a hound
    28 | D:6      | Noticed an iguana
    52 | D:5      | Killed a hound
    53 | D:5      | Reached XP level 2. HP: 4/24 MP: 1/5
    53 | D:5      | Reached XP level 3. HP: 5/29 MP: 1/7
    54 | D:5      | Slain by a phantom

Illustrated notes

Levels and vault maps discovered:
D:5:      nicolae_BIG_FREAKIN_CUBE, layout_basic, minmay_temple_entry_crystal_x,
          wad_floor_pattern_2
D:6:      layout_loops_ring, makhleb_blood_cavern_becter, uniq_menkaure

Skill      XL: |  1 |
---------------+----+-----
Spellcasting   | 2 |  2.7
Fighting       | |  3.2
Maces & Flails | |  2.0
Dodging        | |  1.7
Stealth        | |  6.0

Action                     || total
---------------------------++-------
  Melee: Mace              ||    15
Ability: Dig               ||     1
         Shaft Self        ||     1
 Armour: Leather armour    ||     4
  Dodge: Dodged            ||    18

Table legend: (Time is in decaauts)
 A = Elapsed time spent in this place.
 B = Non-inter-level travel time spent in this place.
 C = Inter-level travel time spent in this place.
 D = Time resting spent in this place.
 E = Time spent auto-exploring this place.
 F = Levels seen in this place.
 G = Mean time per level.
                   A        B        C        D        E       F      G
               +--------+--------+--------+--------+--------+-----+--------+
         Total |     58 |     58 |      0 |      0 |      7 |   2 |   29.0 |
       Dungeon |     58 |     58 |      0 |      0 |      7 |   2 |   29.0 |
               +--------+--------+--------+--------+--------+-----+--------+

Top non-repeatable levels by time:
     D:6: 36 daAuts
     D:5: 22 daAuts
